 Dungeon Crawl Stone Soup version 0.29.1-2-gbd0b4ee654 (webtiles) character file.

Game seed: 5849134579414870801

233 Descartes the Firebug (level 5, -8/28 HPs)
             Began as a Deep Elf Fire Elementalist on Nov 1, 2022.
             Mangled by Condegh's ghost (15 damage)
             ... on level 4 of the Dungeon.
             The game lasted 00:06:48 (4196 turns).

Descartes the Firebug (Deep Elf Fire Elementalist)  Turns: 4196, Time: 00:06:49

Health: -8/28      AC:  3    Str:  5    XL:     5   Next: 74%
Magic:  4/13       EV: 13    Int: 22    God:
Gold:   141        SH:  0    Dex: 15    Spells: 11/12 levels left

rFire   . . .      SeeInvis .   q - +1 sling (flame)
rCold   . . .      Faith    .   (no shield)
rNeg    . . .      Spirit   .   a - +0 robe
rPois   .          Reflect  .   c - +0 helmet
rElec   .          Harm     .   (no cloak)
rCorr   .          Rampage  .   (no gloves)
Will    .....                   (no boots)
Stlth   ++........              (no amulet)
HPRegen 0.09/turn               (no ring)
MPRegen 0.13/turn               (no ring)

@: no status effects
A: no striking features
a: no special abilities


You were on level 4 of the Dungeon.
You visited 1 branch of the dungeon, and saw 4 of its levels.

You collected 221 gold pieces.
You spent 80 gold pieces at shops.

Inventory:

Hand Weapons
 q - a +1 sling of flaming (weapon)
Armour
 a - a +0 robe (worn)
 c - a +0 helmet (worn)
Jewellery
 w - an amulet of magic regeneration
Wands
 l - a wand of mindburst (12)
 s - a wand of iceblast (6)
Scrolls
 f - 2 scrolls of teleportation {unknown}
 h - 10 scrolls of identify {unknown}
 j - a scroll of fear {unknown}
 k - a scroll of silence {unknown}
 p - a scroll of magic mapping {unknown}
 t - a scroll of enchant weapon {unknown}
 u - a scroll of noise {unknown}
Potions
 b - 2 potions of magic
 d - 2 potions of curing
 e - a potion of brilliance {unknown}
 g - 2 potions of lignification {unknown}
 i - a potion of degeneration {unknown}
 m - a potion of invisibility {unknown}
 n - a potion of ambrosia {unknown}
 o - a potion of mutation {unknown}
 r - 2 potions of attraction {unknown}
 v - a potion of flight {unknown}
 x - a potion of heal wounds


   Skills:
 + Level 3.7 Dodging
 - Level 2.4 Stealth
 + Level 4.1 Spellcasting
 * Level 3.6 Conjurations
 * Level 5.0 Fire Magic


You had 11 spell levels left.
You knew the following spells:

 Your Spells              Type           Power      Damage    Failure   Level
a - Foxfire               Conj/Fire      92%        2x1d8     1%          1

Your spell library contained the following spells:

 Spells                   Type           Power      Damage    Failure   Level
 Scorch                   Fire           52%        2d8       1%          2
 Conjure Flame            Conj/Fire      23%        6-21      5%          3
 Inner Flame              Hex/Fire       15%        N/A       12%         3
 Stone Arrow              Conj/Erth      24%        3d8       16%         3
 Flame Wave               Conj/Fire      23%        2d8       19%         4
 Animate Armour           Summ/Erth      8%         N/A       73%         4
 Lehudib's Crystal Spear  Conj/Erth      6%         10d3      100%        8


Dungeon Overview and Level Annotations

Branches:
Dungeon (4/15)
 Temple: D:4-7

Altars:
Gozag
Hepliaklqana

Shops:
D:2 *   D:3 !

Annotations:
D:4 Condegh's ghost, amateur HOMo


Message History

You conjure some foxfire!
The foxfire hits Condegh's ghost.
Condegh's ghost is lightly damaged.
The shadow imp gestures at you. Pain shoots through your body!
Condegh's ghost hits you.
Unknown command.
Casting: Foxfire (safe; 1% risk of failure)
Confirm with . or Enter, or press ? or * to list all spells.
You conjure some foxfire!
The foxfire hits Condegh's ghost but does no damage.
Condegh's ghost is lightly damaged.
The foxfire hits Condegh's ghost!
Condegh's ghost is moderately damaged.
The foxfire hits Condegh's ghost but does no damage.
Condegh's ghost is moderately damaged.
The shadow imp hits you. Condegh's ghost misses you.
Casting: Foxfire (safe; 1% risk of failure)
Confirm with . or Enter, or press ? or * to list all spells.
You conjure some foxfire!
The foxfire hits Condegh's ghost but does no damage.
Condegh's ghost is moderately damaged.
The foxfire hits Condegh's ghost.
Condegh's ghost is heavily damaged.
Condegh's ghost barely misses you.
The shadow imp hits you but does no damage.
The foxfire hits Condegh's ghost.
Condegh's ghost is heavily damaged.
The foxfire hits Condegh's ghost.
Condegh's ghost is severely damaged.
The shadow imp gestures at you. Pain shoots through your body!
* * * LOW HITPOINT WARNING * * *
Condegh's ghost attacks as you move away!
Condegh's ghost closely misses you.
The shadow imp shouts, "Back with thee, thou skyhacking onion-eyed minnow reeky!"
Condegh's ghost screams, "They lied to you.
The Dungeon just goes down and down forever."
Condegh's ghost whispers, "You will understand me better in a moment."
Condegh's ghost attacks as you move away!
Condegh's ghost hits you!
Ouch! That really hurt!
You die...

#.#####.#### #.# #.# #.# #g# #.#
###.#######.# #.#
#..........g############## #.#
#.#.######...............# #.#
#.#.# #.5.......####...#
#.###.#.# ##.#..###.####...##
#.......# #W.### #.##.......
##.....### #@.# #.##.......
#..###.## #..#####.##.......
#..# ...# #........####...##
#..###.## ##...###### #...#
#......# ##.....## ###.##
#.##.#.## ##.......## ##.#.#
#.##....####.........####....###
#.##.....))'.....(...'..........
#.##....####.........####....###


You could see Condegh's ghost, a shadow imp, a hobgoblin and a goblin.

Vanquished Creatures
  3 orc wizards
  5 adders
  A white imp (D:4)
  A worm (D:2)
  2 dart slugs
  11 orcs
  7 endoplasms
  3 giant cockroaches
  4 goblins
  9 hobgoblins
  6 jackals
  2 kobolds
  5 quokkas
  10 ball pythons
  5 bats
  4 frilled lizards
  6 rats
84 creatures vanquished.

Vanquished Creatures (others)
  333 foxfires
333 creatures vanquished.

Grand Total: 417 creatures vanquished

Notes
Turn   | Place    | Note
-------+----------+-------------------------------------------
     0 | D:1      | Descartes the Deep Elf Fire Elementalist began the quest
                  | for the Orb.
     0 | D:1      | Reached XP level 1. HP: 10/10 MP: 6/6
   254 | D:1      | Found a faded altar of an unknown god.
   274 | D:1      | Reached XP level 2. HP: 15/15 MP: 2/8
  1168 | D:2      | Found Eheygg's Assorted Antiques.
  1293 | D:2      | Reached XP level 3. HP: 19/19 MP: 3/9
  1794 | D:2      | Found a hazy altar of Hepliaklqana.
  1861 | D:2      | Reached skill level 4 in Fire Magic
  1904 | D:2      | You fall into a shaft and drop 2 floors!
  2046 | D:4      | Reached XP level 4. HP: 24/24 MP: 3/11
  3123 | D:3      | Reached XP level 5. HP: 12/28 MP: 5/12
  3599 | D:3      | Found Xustrug's Distillery.
  3907 | D:3      | Bought a potion of heal wounds for 50 gold pieces
  3907 | D:3      | Bought a potion of curing for 30 gold pieces
  3992 | D:4      | Reached skill level 5 in Fire Magic
  4161 | D:4      | Found a runed translucent gate.
  4162 | D:4      | Found a runed translucent gate.
  4162 | D:4      | Found a runed translucent gate.
  4163 | D:4      | Found an opulent altar of Gozag.
  4163 | D:4      | Noticed Condegh's ghost (amateur HOMo)
  4196 | D:4      | Mangled by Condegh's ghost

Illustrated notes

Levels and vault maps discovered:
D:1:      lightli_arrival_flooded_house, layout_loops_ring,
          shapermc_ecumenical_altar_venn, st_stairs_12
D:2:      layout_basic, serial_shops, shop, basic_altar,
          minmay_misc_feat_pillars, hangedman_decor_clover_reticule
D:3:      layout_loops_ring, serial_shops, nicolae_shop_waterfront
D:4:      layout_loops_corners, ebering_ghost_gozag

Skill      XL: |  1  2  3  4  5 |
---------------+----------------+-----
Conjurations   | 2 3 |  3.6
Fire Magic     | 4 5 |  5.0
Dodging        | 3 |  3.7
Spellcasting   | 4 |  4.1
Stealth        | |  2.4

Action                   |  1- 3 |  4- 6 || total
-------------------------+-------+-------++-------
 Fire: Sling             |       |     1 ||     1
 Cast: Foxfire           |   105 |    98 ||   203
Armor: Robe              |     2 |     8 ||    10
Dodge: Dodged            |    10 |    26 ||    36
